 Dungeon Crawl Stone Soup version 0.31-a0-237-g2d982f9f85 (webtiles) character file.

Game seed: 1868943009713357409

191 qw the Shooter (level 5, 0/31 HPs)
             Began as a Gargoyle Hexslinger on July 10, 2023.
             Was an Initiate of Okawaru.
             Slain by a gnoll
             ... wielding a +0 spear
             ... led by a gnoll bouda
              (6 damage)
             ... on level 4 of the Dungeon.
             The game lasted 00:01:06 (2579 turns).

qw the Shooter (Gargoyle Hexslinger)                Turns: 2579, Time: 00:01:06

Health: 0/31       AC: 10    Str: 12    XL:     5   Next: 70%
Magic:  6/6        EV: 10    Int: 13    God:    Okawaru [......]
Gold:   172        SH:  0    Dex: 14    Spells: 5/6 levels left

rFire   . . .        Y - +2 sling
rCold   . . .        (no shield)
rNeg    + . .        d - +0 ring mail
rPois   inf          (no helmet)
rElec   +            h - +0 cloak
rCorr   .            (no gloves)
SInv    .            (no boots)
Will    .....        (no amulet)
Stlth   +            (no ring)
HPRegen 0.25/turn    (no ring)
MPRegen 0.10/turn

%: no passive effects
@: about to teleport
A: sickness immunity, AC +4, negative energy resistance 1, electricity
resistance, torment resistance 1, petrification resistance
a: Renounce Religion


You were on level 4 of the Dungeon.
You worshipped Okawaru.
Okawaru was noncommittal.
You visited 1 branch of the dungeon, and saw 4 of its levels.

You collected 172 gold pieces.


Innate Abilities, Weirdness & Mutations

You are immune to sickness and miasma.
Your stone body is resilient. (AC +4)
You are immune to poison.
You resist negative energy. (rN+)
You are resistant to electric shocks. (rElec)
You are resistant to unholy torment.
You are immune to petrification.


   Skills:
 + Level 2.7 Fighting
 - Level 5.0 Ranged Weapons
 - Level 1.1 Armour
 - Level 1.5 Dodging
 - Level 1.0 Spellcasting
 - Level 2.6 Hexes


You had 5 spell levels left.
You knew the following spells:

 Your Spells              Type           Power      Damage    Failure   Level
a - Slow                  Hex            28%        N/A       22%         1

Your spell library contained the following spells:

 Spells                   Type           Power      Damage    Failure   Level
 Inner Flame              Hex/Fire       4%         N/A       73%         3
 Portal Projectile        Hex/Tloc       8%         N/A       73%         3
 Cause Fear               Hex            3%         N/A       91%         4

Inventory:

Hand Weapons
 Y - a +2 sling (weapon)
Armour
 d - a +0 ring mail (worn)
 h - a +0 cloak (worn)
Scrolls
 e - a scroll of identify
Potions
 a - a potion of heal wounds
 b - a potion of enlightenment
 c - a potion of berserk rage {unknown}
 f - a potion of haste

Dungeon Overview and Level Annotations

Branches:
Dungeon (4/15)
 Temple: D:4-7

Altars:
Gozag
Makhleb
Okawaru
Qazlal
Uskayaw


Message History

You shoot a sling bullet.
The sling bullet closely misses the gnoll.
The sling bullet hits the gnoll bouda but does no damage.
The gnoll bouda is heavily wounded.
The gnoll is no longer moving quickly.
The gnoll completely misses you.
The gnoll bouda barks out a call to the hunt!
The gnoll picks up the pace!
The gnoll hits you with a +2 whip of venom!
The gnoll hits you from afar with a +0 spear.
You shoot a sling bullet. The sling bullet hits the gnoll!
The gnoll is almost dead.
Your attacks no longer feel as feeble.
The gnoll hits you but does no damage.
You shoot a sling bullet.
The sling bullet closely misses the gnoll.
The gnoll closely misses you. The gnoll hits you but does no damage.
The gnoll bouda calls upon its god to heal the gnoll.
The gnoll is healed somewhat.
The gnoll hits you but does no damage.
You shoot a sling bullet.
The sling bullet closely misses the gnoll.
The gnoll hits you but does no damage.
The gnoll bouda calls upon its god to heal the gnoll.
The gnoll is healed somewhat.
The gnoll hits you but does no damage.
You shoot a sling bullet.
The sling bullet hits the gnoll bouda but does no damage.
The gnoll bouda is moderately wounded.
The gnoll closely misses you. The gnoll bouda barely misses you.
The gnoll barely misses you.
The gnoll bouda hits you with a +0 club.
The gnoll barely misses you.
2578 ||| READING scroll of teleportation.
As you read the scroll of teleportation, it crumbles to dust.
You feel strangely unstable. The gnoll barely misses you.
The gnoll closely misses you.
The gnoll bouda hits you but does no damage.
You shoot a sling bullet. The sling bullet hits the gnoll bouda!
The gnoll bouda is severely wounded.
The gnoll hits you with a +2 whip of venom.
The gnoll hits you from afar with a +0 spear.
You die...

#........# #.#
####.....# #.#
.........# #.#
###......# #.# #......#
##.# ##.....# #..#
#.....# #.##
######g....# ####.###
#....g@....#####.[.....
####g##.##.......#.....
.g. #.(.#####.>).....
..## ##.#.# #....#.....
#. #...<###.#....#### #
#.##.....#....# #.
#.##..#.##.#
.....##..#.##.#
#.##.##.......#


You could see a gnoll bouda and 3 gnolls.

Vanquished Creatures
  A hound (D:4)
  Jessica (D:2)
  A gnoll (D:4)
  5 adders
  A worm (D:2)
  2 dart slugs
  5 orcs (D:3)
  7 bats
  6 endoplasms
  4 giant cockroaches
  3 hobgoblins
  5 jackals (D:3)
  2 quokkas
  4 ball pythons
  3 frilled lizards
  6 goblins
  8 kobolds
  4 rats
68 creatures vanquished.

Notes
Turn   | Place    | Note
-------+----------+-------------------------------------------
     0 | D:1      | qw the Gargoyle Hexslinger began the quest for the Orb.
     0 | D:1      | Reached XP level 1. HP: 12/12 MP: 2/2
     0 | D:1      | 0 ||| qw: Version: 0.3-a-52-g30416fa
     0 | D:1      | 0 ||| qw: Game counter: 5324
     0 | D:1      | 0 ||| qw: Melee chars always use a shield: true
     0 | D:1      | 0 ||| qw: God list: Okawaru
     0 | D:1      | 0 ||| qw: Allow faded altars: false
     0 | D:1      | 0 ||| qw: Do Orc after clearing Dungeon:15 true
     0 | D:1      | 0 ||| qw: Do second Lair branch before Depths: true
     0 | D:1      | 0 ||| qw: Lair rune preference: random
     0 | D:1      | 0 ||| qw: Goals: Normal
     0 | D:1      | 0 ||| PLANNING D:1-11
    65 | D:1      | HP: 2/12 [frozen (2)]
   162 | D:1      | Reached XP level 2. HP: 16/16 MP: 3/3
   319 | D:1      | Reached skill level 3 in Ranged Weapons
   501 | D:1      | Reached XP level 3. HP: 20/21 MP: 4/4
   710 | D:1      | 710 ||| READING 4 scrolls labelled WUURRU FAZEN.
   711 | D:1      | 711 ||| READING 2 scrolls labelled SECAIMOTHRI.
   712 | D:1      | 712 ||| READING scroll labelled IMMOCOILEO.
   713 | D:1      | 713 ||| DROPPING 3 scrolls of fog.
   714 | D:1      | 714 ||| DROPPING scroll of poison.
   986 | D:2      | Noticed Jessica
   989 | D:2      | Killed Jessica
   990 | D:2      | Reached XP level 4. HP: 26/26 MP: 5/5
  1012 | D:2      | 1012 ||| UPGRADING to +0 ring mail.
  1023 | D:2      | Reached skill level 4 in Ranged Weapons
  1033 | D:2      | 1033 ||| UPGRADING to +0 robe.
  1038 | D:2      | 1038 ||| UPGRADING to +0 ring mail.
  1086 | D:2      | 1086 ||| DROPPING +0 robe.
  1087 | D:2      | 1087 ||| UPGRADING to +0 cloak.
  1239 | D:2      | Found a burning altar of Makhleb.
  1672 | D:2      | 1672 ||| READING scroll labelled ZIAPNYF ADUSM.
  1675 | D:2      | 1675 ||| READING scroll labelled FIGYIS BEPLO.
  1726 | D:3      | Reached skill level 1 in Armour
  1935 | D:3      | Reached XP level 5. HP: 8/30 MP: 6/6
  2333 | D:3      | 2333 ||| DRINKING 2 bubbling sapphire potions.
  2334 | D:3      | 2334 ||| READING 6 scrolls of identify.
  2334 | D:3      | 2334 ||| IDENTIFYING pink potion
  2335 | D:3      | 2335 ||| READING 5 scrolls of identify.
  2335 | D:3      | 2335 ||| IDENTIFYING coppery potion
  2336 | D:3      | 2336 ||| READING 4 scrolls of identify.
  2336 | D:3      | 2336 ||| IDENTIFYING white potion
  2337 | D:3      | 2337 ||| READING 3 scrolls of identify.
  2337 | D:3      | 2337 ||| IDENTIFYING purple potion
  2338 | D:3      | 2338 ||| READING 2 scrolls of identify.
  2338 | D:3      | 2338 ||| IDENTIFYING silvery potion
  2339 | D:3      | 2339 ||| DROPPING potion of attraction.
  2340 | D:3      | 2340 ||| DROPPING potion of brilliance.
  2341 | D:3      | 2341 ||| DROPPING potion of degeneration.
  2421 | D:4      | Found an iron altar of Okawaru.
  2422 | D:4      | 2422 ||| PLANNING OKAWARU WORSHIP
  2442 | D:4      | Became a worshipper of Warmaster Okawaru
  2443 | D:4      | 2443 ||| PLANNING D:1-11
  2505 | D:4      | Found a hide-covered altar of Uskayaw.
  2505 | D:4      | Found a stormy altar of Qazlal.
  2505 | D:4      | Found an opulent altar of Gozag.
  2542 | D:4      | 2542 ||| Stepping ~*~*~tactically~*~*~ (outnumbered).
  2560 | D:4      | Reached skill level 5 in Ranged Weapons
  2577 | D:4      | HP: 7/31 [gnoll bouda/+0 club (3)]
  2578 | D:4      | 2578 ||| READING scroll of teleportation.
  2579 | D:4      | Slain by a gnoll

Levels and vault maps discovered:
D:1:      minmay_arrival_checkered_box, layout_loops_ring, minmay_ruptured
D:2:      layout_loops_corners, basic_altar, minmay_stone_trees_small,
          serial_bayou_lake_a, uniq_jessica
D:3:      layout_basic, chequers_serial_rivers_large_b
D:4:      layout_basic, okawaru_gym_becter, gammafunk_temple_overflow_forgotten

Skill      XL: |  1  2  3  4  5 |
---------------+----------------+-----
Ranged Weapons | 3 4 5 |  5.0
Fighting       | 2 |  2.7
Armour         | 1 |  1.1
Dodging        | |  1.5
Spellcasting   | |  1.0
Hexes          | |  2.6

Action                     |  1- 3 |  4- 6 || total
---------------------------+-------+-------++-------
   Fire: Sling             |   110 |   147 ||   257
    Use: Scroll            |     3 |     8 ||    11
         Potion            |       |     1 ||     1
 Armour: Robe              |    18 |     1 ||    19
         Ring mail         |       |    63 ||    63
         Skin              |       |     1 ||     1
  Dodge: Dodged            |    28 |    69 ||    97

Table legend:
 A = Non-vault XP
 B = Vault XP
 C = Vault XP percentage of total XP
 D = Non-vault monster count
 E = Vault monster count
 F = Vault count percentage of total count
                 A         B        C        D         E       F
            +---------+---------+-------+---------+---------+-------
      Total |     235 |      39 |  14.2 |      65 |       3 |   4.4
            +---------+---------+-------+---------+---------+-------
        D:1 |      35 |       2 |   5.4 |      21 |       2 |   8.7
        D:2 |      33 |      37 |  52.9 |      11 |       1 |   8.3
        D:3 |      84 |       0 |   0.0 |      25 |       0 |   0.0
        D:4 |      83 |       0 |   0.0 |       8 |       0 |   0.0
            +---------+---------+-------+---------+---------+-------
